[Event "Titled Tuesday Blitz November 29 Early 2022"]
[White "Dzhaparov, Medet"]
[Black "Zacurdajev, Dmitry"]
[WhiteFideId "13803689"]
[BlackFideId "4196309"]
[WhiteElo "1702"]
[BlackElo "2179"]
[Result "0-1"]
[Round "03"]
[TimeControl "180+1"]
[Date "2022.11.30"]
[WhiteClock "0:01:17"]
[BlackClock "0:01:16"]

1. e4 c6 2. d4 d5 3. exd5 cxd5 4. Nc3 Nc6 5. Nf3 Bg4 6. Be2 e6 7. O-O Bd6 8. h3 Bxf3 9. Bxf3 Nge7 10. Nb5 Bb8 11. Re1 a6 12. Nc3 Qd6 13. g3 Nf5 14. Bf4 Qd8 15. Bxb8 Rxb8 16. Ne2 O-O 17. Kg2 Qb6 18. c3 Qxb2 19. Qd3 Qa3 20. Bg4 Nd6 21. Nf4 Ne4 22. Ne2 Nb4 23. Qf3 Nc2 24. Rad1 Nxe1+ 25. Rxe1 0-1


[Site "https://www.chess.com"]

[Event "Titled Tuesday Blitz November 29 Early 2022"]
[White "Estrada Nieto, Julian"]
[Black "Bacrot, Etienne"]
[WhiteFideId "5101018"]
[BlackFideId "605506"]
[WhiteElo "2221"]
[BlackElo "2666"]
[Result "0-1"]
[Round "03"]
[TimeControl "180+1"]
[Date "2022.11.30"]
[WhiteClock "0:00:01"]
[BlackClock "0:00:14"]

1. e4 c5 2. Nf3 d6 3. Bb5+ Nd7 4. d4 cxd4 5. Qxd4 a6 6. Bxd7+ Qxd7 7. Nc3 e6 8. a4 Ne7 9. O-O Nc6 10. Qd3 Be7 11. Bf4 O-O 12. Rfd1 Rd8 13. Qc4 Qe8 14. a5 h6 15. Qb3 Bf8 16. h3 Rb8 17. Be3 b5 18. axb6 Bb7 19. Rd2 Rdc8 20. Bf4 Qd8 21. Rad1 Na5 22. Qa2 Nc4 23. Rd4 Nxb6 24. Bxd6 Bxd6 25. Rxd6 Qc7 26. Qa5 Nc4 27. Rd8+ Qxd8 28. Rxd8+ Rxd8 29. Qb4 Rdc8 30. Qe7 Re8 31. Qb4 Rec8 32. Qe7 Ba8 33. b3 Rb7 34. Qh4 Na3 35. Ne2 Nxc2 36. Ned4 Nxd4 37. Nxd4 Rb4 38. Nf3 Rxe4 39. Qg3 Rb4 40. Kh2 Rxb3 41. Qg4 Bxf3 42. gxf3 Rb2 43. Kg2 Rcc2 44. Qd4 Rxf2+ 45. Kg3 Rg2+ 46. Kf4 Rgd2 47. Qc5 Rd8 48. Qc3 Rb5 49. Kg3 Rdb8 50. h4 a5 0-1


[Site "https://www.chess.com"]

[Event "Titled Tuesday Blitz November 29 Early 2022"]
[White "Eynullayev, Atilla"]
[Black "Munkhgal, Gombosuren"]
[WhiteFideId "13413570"]
[BlackFideId "4901266"]
[WhiteElo "2181"]
[BlackElo "2576"]
[Result "1-0"]
[Round "03"]
[TimeControl "180+1"]
[Date "2022.11.30"]
[WhiteClock "0:01:17"]
[BlackClock "0:00:11"]

1. e4 e6 2. d4 d5 3. e5 c5 4. c3 Nc6 5. Nf3 Qb6 6. a3 Nh6 7. Bd3 cxd4 8. O-O Bd7 9. c4 dxc4 10. Bxc4 Nf5 11. Nbd2 Be7 12. Re1 O-O 13. Bd3 Rac8 14. Qe2 Nd8 15. Ne4 a6 16. Bd2 Bb5 17. g4 Nh4 18. Nxh4 Bxh4 19. g5 Nc6 20. Nf6+ gxf6 21. Bxh7+ Kxh7 22. Qh5+ Kg8 23. gxf6 Nxe5 24. Rxe5 Bxf6 25. Qg4+ Bg7 26. Bh6 1-0


[Site "https://www.chess.com"]

[Event "Titled Tuesday Blitz November 29 Early 2022"]
[White "Ezat, Mohamed"]
[Black "Sanchez, Robert"]
[WhiteFideId "10600906"]
[BlackFideId "2034360"]
[WhiteElo "2386"]
[BlackElo "2331"]
[Result "1-0"]
[Round "03"]
[TimeControl "180+1"]
[Date "2022.11.30"]
[WhiteClock "0:00:04"]
[BlackClock "0:00:04"]

1. d4 Nf6 2. c4 e6 3. Nc3 Bb4 4. e3 O-O 5. a3 Be7 6. b4 d5 7. c5 c6 8. Nf3 Nbd7 9. Bd3 Qc7 10. Bb2 e5 11. dxe5 Nxe5 12. Be2 Rd8 13. O-O Nxf3+ 14. Bxf3 Bf5 15. Ne2 Ng4 16. Ng3 Nh6 17. Nxf5 Nxf5 18. Bg4 Nh6 19. Bh3 b6 20. cxb6 axb6 21. Qh5 Qd6 22. Rac1 c5 23. Rfd1 cxb4 24. axb4 Qxb4 25. Rb1 Qe4 26. g3 Ra5 27. Bg2 Qe6 28. Bc3 Rc5 29. Bd4 Rc6 30. Bb2 Rcd6 31. Ba3 Rc6 32. Bxd5 Rxd5 33. Rxd5 Bxa3 34. Rd8+ Bf8 35. Qd1 g6 36. Qa4 Kg7 37. Qd4+ f6 38. Ra1 Nf7 39. Ra7 Rc1+ 40. Kg2 Qc6+ 41. e4 Bc5 42. Qd7 Qxe4+ 43. Kh3 Qf5+ 44. Qxf5 gxf5 45. Rdd7 Kg6 46. Rxf7 f4 47. Rxh7 f3 48. Rh4 Kf5 49. Rf4+ Ke5 50. Rxf3 Rc2 51. Rd7 Bxf2 52. Rd1 Bc5 53. Re1+ Kd5 54. Rxf6 b5 55. Rf5+ Kc4 56. Re4+ Kd3 57. Ree5 Kd4 58. Rd5+ Ke4 59. Rxc5 1-0


[Site "https://www.chess.com"]

[Event "Titled Tuesday Blitz November 29 Early 2022"]
[White "Fajdetic, Hrvoje"]
[Black "Pein, Jonathan"]
[WhiteFideId "14501945"]
[BlackFideId "417092"]
[WhiteElo "2172"]
[BlackElo "2227"]
[Result "1/2-1/2"]
[Round "03"]
[TimeControl "180+1"]
[Date "2022.11.30"]
[WhiteClock "0:00:06"]
[BlackClock "0:00:18"]

1. b3 e5 2. Bb2 Nc6 3. g3 d5 4. Bg2 Be6 5. d3 Qd7 6. Nd2 h5 7. h4 Nh6 8. Nh3 f6 9. e4 O-O-O 10. exd5 Bxd5 11. Bxd5 Qxd5 12. Qf3 Qa5 13. c3 e4 14. Qxe4 Ba3 15. Nc4 Bxb2 16. Nxa5 Rde8 17. Nxc6 Rxe4+ 18. dxe4 Bxa1 19. Nxa7+ Kb8 20. Nb5 c6 21. Na3 Bxc3+ 22. Ke2 Kc7 23. Nb5+ cxb5 24. Rc1 b4 25. a3 Kb6 26. axb4 Bxb4 27. Nf4 Bd6 28. Nd5+ Kb5 29. f4 Re8 30. Kf3 Nf7 31. Rc7 Bxc7 32. Nxc7+ Kb4 33. Nxe8 Kxb3 34. e5 fxe5 35. Nxg7 exf4 36. Kxf4 b5 37. Nxh5 b4 38. Nf6 Kc4 39. Ne4 Kd3 40. g4 Nd6 41. Nxd6 b3 42. Nb5 b2 43. Na3 Kc3 44. g5 Kb3 45. Nb1 Kc2 46. Na3+ Kb3 47. Nb1 Kc2 48. Na3+ Kb3 1/2-1/2


[Site "https://www.chess.com"]

[Event "Titled Tuesday Blitz November 29 Early 2022"]
[White "Fawzy, Adham"]
[Black "Sai Han Thiha"]
[WhiteFideId "10613129"]
[BlackFideId "13012290"]
[WhiteElo "2541"]
[BlackElo "2023"]
[Result "1-0"]
[Round "03"]
[TimeControl "180+1"]
[Date "2022.11.30"]
[WhiteClock "0:00:10"]
[BlackClock "0:00:07"]

1. e4 c6 2. d4 d5 3. e5 Bf5 4. Nf3 e6 5. Be2 Nd7 6. O-O h6 7. c3 Ne7 8. Na3 Bh7 9. Nc2 Nf5 10. g4 Nh4 11. Nxh4 Qxh4 12. f4 h5 13. g5 Be7 14. Be3 f6 15. Ne1 fxg5 16. Ng2 Qh3 17. Rf3 Qg4 18. Rf2 Qh3 19. Bxh5+ Kd8 20. Bg4 Qh6 21. fxg5 Bxg5 22. Qd2 Bxe3 23. Qxe3 Qg6 24. h3 Ke7 25. Nf4 Qg5 26. Nxd5+ cxd5 27. Qxg5+ Ke8 28. Bh5+ 1-0


[Site "https://www.chess.com"]

[Event "Titled Tuesday Blitz November 29 Early 2022"]
[White "Fedoseev, Vladimir"]
[Black "Vakhlamov, Igor L."]
[WhiteFideId "24130737"]
[BlackFideId "24126748"]
[WhiteElo "2726"]
[BlackElo "2401"]
[Result "1-0"]
[Round "03"]
[TimeControl "180+1"]
[Date "2022.11.30"]
[WhiteClock "0:00:31"]
[BlackClock "0:00:03"]

1. Nf3 Nf6 2. g3 g6 3. Bg2 c5 4. O-O Bg7 5. c3 O-O 6. d4 d6 7. Nbd2 Nc6 8. e4 cxd4 9. cxd4 Bg4 10. Qa4 a6 11. d5 b5 12. Qa3 Na5 13. Re1 Qb6 14. b4 Nc4 15. Nxc4 bxc4 16. Be3 Qb7 17. Nd4 Bd7 18. Rac1 Rfc8 19. h3 Rab8 20. Nc2 Bb5 21. Bd4 Nd7 22. Bxg7 Kxg7 23. Qc3+ Kg8 24. Ne3 Ne5 25. Ng4 f6 26. Nxe5 fxe5 27. a3 Rf8 28. Bf1 Qb6 29. Re3 Ra8 30. Qe1 a5 31. Bxc4 Bxc4 32. Rxc4 axb4 33. Rxb4 Qc5 34. Rbb3 Ra4 35. Kg2 Rc4 36. Rbc3 Rxc3 37. Qxc3 Qb5 38. Qb4 Qa6 39. a4 Ra8 40. Ra3 Qe2 41. a5 Rf8 42. Qb6 Qxe4+ 43. f3 Qxd5 44. Qe3 e4 45. fxe4 Qd1 46. Qb3+ Qxb3 47. Rxb3 Ra8 48. Ra3 Ra6 49. Kf3 Kf7 50. Ke3 Ke6 51. Kd4 Kd7 52. Kc4 Kc6 53. Kb4 e6 54. Rc3+ Kb7 55. Kb5 Ra8 56. Rf3 Rd8 57. Rf7+ Kb8 58. Rxh7 d5 59. exd5 exd5 60. Re7 d4 61. Re2 d3 62. Rd2 Rd4 63. Kc5 Rd8 64. Kc4 Kb7 65. Rxd3 Rh8 66. h4 Rh5 67. Rd5 Rh8 68. Rg5 Rh6 69. Kd5 Ka6 70. Ke6 Rxh4 71. gxh4 1-0


[Site "https://www.chess.com"]

[Event "Titled Tuesday Blitz November 29 Early 2022"]
[White "Fiedorek, Michal"]
[Black "Maksimenko, Viktor"]
[WhiteFideId "1199528"]
[BlackFideId "13710478"]
[WhiteElo "2201"]
[BlackElo "2277"]
[Result "1-0"]
[Round "03"]
[TimeControl "180+1"]
[Date "2022.11.30"]
[WhiteClock "0:01:50"]
[BlackClock "0:01:12"]

1. Nf3 Nf6 2. d4 e6 3. c4 b6 4. g3 Bb7 5. Bg2 Bb4+ 6. Bd2 Be7 7. O-O c6 8. Qc2 d5 9. Bf4 O-O 10. b3 Nh5 11. Bc1 Nd7 12. Bb2 Rc8 13. Nbd2 Nhf6 14. Rac1 c5 15. dxc5 Nxc5 16. Qb1 dxc4 17. Nxc4 Be4 18. Qa1 Qd5 19. Rfd1 Qa8 20. Nd6 Rcd8 21. Nxe4 Ncxe4 22. Ng5 Rxd1+ 23. Rxd1 Rd8 24. Rxd8+ Bxd8 25. Qb1 Nd2 26. Qd3 1-0


[Site "https://www.chess.com"]

[Event "Titled Tuesday Blitz November 29 Early 2022"]
[White "Figorito, Nick"]
[Black "Aqib Javaid Butt"]
[WhiteFideId "30923689"]
[BlackFideId "7801262"]
[WhiteElo "2370"]
[BlackElo "1659"]
[Result "1-0"]
[Round "03"]
[TimeControl "180+1"]
[Date "2022.11.30"]
[WhiteClock "0:00:58"]
[BlackClock "0:01:28"]

1. Nf3 d5 2. g3 c6 3. Bg2 Nf6 4. O-O g6 5. d4 Bg7 6. Nbd2 O-O 7. b3 Bf5 8. Bb2 Ne4 9. Ne5 Nd7 10. Nxd7 Qxd7 11. Nxe4 Bxe4 12. Bxe4 dxe4 13. e3 c5 14. c3 cxd4 15. cxd4 a5 16. Qc2 Qg4 17. Qd1 Qh3 18. Qc2 Qg4 19. Qd1 Qh3 20. Rc1 a4 21. bxa4 Ra5 22. f4 exf3 23. Qxf3 Rh5 24. Rf2 Bh6 25. Rc7 Qe6 26. Bc1 Rc8 27. Rxc8+ Qxc8 28. Qxf7+ Kh8 29. Bb2 Bxe3 30. d5+ e5 31. dxe6+ 1-0


[Site "https://www.chess.com"]

[Event "Titled Tuesday Blitz November 29 Early 2022"]
[White "Foerster-Yialamas, Lucas"]
[Black "Sadovsky, Artem"]
[WhiteFideId "30901774"]
[BlackFideId "4155840"]
[WhiteElo "2067"]
[BlackElo "2312"]
[Result "1-0"]
[Round "03"]
[TimeControl "180+1"]
[Date "2022.11.30"]
[WhiteClock "0:00:54"]
[BlackClock "0:02:19"]

1. e4 g6 2. d4 Bg7 3. Nc3 c6 4. h4 d5 5. e5 h5 6. b3 Nh6 7. Bd3 Bf5 8. Bxh6 Rxh6 9. Bxf5 gxf5 10. Nf3 e6 11. Ne2 Nd7 12. Nf4 Nf8 13. Ng5 Ng6 14. Nxh5 Nxh4 15. Nxg7+ Kf8 16. N7xe6+ fxe6 17. Nxe6+ Rxe6 18. Qh5 Nxg2+ 19. Kf1 Ke7 20. Qh7+ Ke8 21. Qg8+ Kd7 22. Rh7+ Re7 23. e6+ Kc7 24. Rxe7+ Qxe7 25. Qxa8 Nf4 26. Qh8 Qg5 27. Qh2 Kd6 28. Re1 Ke7 29. Qh7+ Kd6 30. Qd7# 1-0


[Site "https://www.chess.com"]

[Event "Titled Tuesday Blitz November 29 Early 2022"]
[White "Gabdrakhmanov, Azat"]
[Black "Polanco Nunez, Yoel Estarling"]
[WhiteFideId "34189197"]
[BlackFideId "6401783"]
[WhiteElo "2254"]
[BlackElo "2132"]
[Result "1-0"]
[Round "03"]
[TimeControl "180+1"]
[Date "2022.11.30"]
[WhiteClock "0:00:23"]
[BlackClock "0:00:44"]

1. e4 c5 2. Nf3 d6 3. d4 cxd4 4. Nxd4 Nf6 5. Nc3 a6 6. Be3 e5 7. Nb3 Be7 8. f3 Be6 9. Qd2 h5 10. Nd5 Nxd5 11. exd5 Bf5 12. c4 Nd7 13. Be2 O-O 14. O-O b6 15. a4 a5 16. Rae1 Nc5 17. Nxc5 bxc5 18. Bd1 Rb8 19. Qf2 Bd3 20. Be2 Bxe2 21. Qxe2 Rb4 22. Qc2 Bg5 23. Bf2 Qd7 24. Ra1 Rfb8 25. Ra2 g6 26. Be1 Rb3 27. Bxa5 Be3+ 28. Kh1 Bd4 29. Bc3 Bxc3 30. bxc3 Qa7 31. a5 Qa6 32. Qd3 Rb2 33. Rxb2 Rxb2 34. Ra1 Kg7 35. h3 h4 36. Qe4 g5 37. Qf5 f6 38. Qd7+ Kg6 39. Qe8+ Kg7 40. Qc6 Qxc4 41. a6 Qe2 42. Rg1 g4 43. Qd7+ Kf8 44. Qxd6+ Kg7 45. Qd7+ Kf8 46. Qxg4 Qxa6 47. Qxh4 Ke7 48. Qh7+ Kd6 49. Qf7 Qd3 50. Qe6+ Kc7 51. Qc6+ Kb8 52. Qd6+ Kb7 53. Qe7+ Kb6 54. Qxf6+ Kb5 55. Qxe5 Rb1 56. Qb8+ 1-0


[Site "https://www.chess.com"]

[Event "Titled Tuesday Blitz November 29 Early 2022"]
[White "Gadimbayli, Abdulla"]
[Black "Kuznetsova, Olga"]
[WhiteFideId "13404938"]
[BlackFideId "4191323"]
[WhiteElo "2399"]
[BlackElo "2134"]
[Result "1-0"]
[Round "03"]
[TimeControl "180+1"]
[Date "2022.11.30"]
[WhiteClock "0:01:51"]
[BlackClock "0:00:48"]

1. e4 e5 2. Nf3 Nf6 3. Nc3 Nc6 4. d4 exd4 5. Nxd4 Nxe4 6. Nxc6 Nxc3 7. Nxd8 Nxd1 8. Nxf7 Kxf7 9. Bc4+ Kf6 10. Kxd1 c6 11. h4 d5 12. Bd3 Bd6 13. Bg5+ Kf7 14. Kd2 Be6 15. Rhe1 Rae8 16. c3 h6 17. Be3 a6 18. h5 Ke7 19. Bd4 Rhg8 20. Bf5 Kd7 21. Rxe6 Rxe6 22. Re1 Re8 23. Bxg7 Bf4+ 24. Kd3 Kd6 25. Rxe6+ Rxe6 26. Bxe6 Kxe6 27. g3 Bc1 28. Kc2 Bg5 29. f4 Be7 30. Bxh6 Kf5 31. Bg7 1-0


[Site "https://www.chess.com"]

[Event "Titled Tuesday Blitz November 29 Early 2022"]
[White "Gareyev, Timur"]
[Black "Fernandez Siles, Luis"]
[WhiteFideId "14200937"]
[BlackFideId "2209420"]
[WhiteElo "2552"]
[BlackElo "2186"]
[Result "1-0"]
[Round "03"]
[TimeControl "180+1"]
[Date "2022.11.30"]
[WhiteClock "0:00:12"]
[BlackClock "0:00:04"]

1. d4 Nf6 2. c4 g6 3. Nc3 Bg7 4. e4 d6 5. Be2 O-O 6. Bg5 c5 7. d5 h6 8. Bf4 e6 9. Nf3 exd5 10. cxd5 a6 11. a4 Bg4 12. Nd2 Bxe2 13. Qxe2 Nh5 14. Be3 Nd7 15. O-O Re8 16. a5 Rb8 17. h3 Qe7 18. Rae1 b5 19. axb6 Rxb6 20. Nc4 Rb4 21. Na5 Nhf6 22. Nc6 Qf8 23. Nxb4 cxb4 24. Na4 Rxe4 25. Rd1 Qa8 26. Qc2 Re5 27. Qc6 Qe8 28. Qxd6 Rxe3 29. fxe3 Qxe3+ 30. Kh1 Ne4 31. Qxd7 Ng3+ 32. Kh2 f5 33. Rf3 1-0


[Site "https://www.chess.com"]

[Event "Titled Tuesday Blitz November 29 Early 2022"]
[White "Ginzburg, Yakov"]
[Black "Koridze, Lile"]
[WhiteFideId "4157176"]
[BlackFideId "13612514"]
[WhiteElo "2305"]
[BlackElo "2050"]
[Result "1-0"]
[Round "03"]
[TimeControl "180+1"]
[Date "2022.11.30"]
[WhiteClock "0:00:24"]
[BlackClock "0:00:56"]

1. e4 c5 2. Nf3 d6 3. d4 cxd4 4. Nxd4 Nf6 5. f3 g6 6. Be3 Bg7 7. Nc3 O-O 8. Bc4 a6 9. Bb3 Qc7 10. Qd2 Rd8 11. h4 h5 12. O-O-O b5 13. Bh6 Bh8 14. g4 Nc6 15. Nxc6 Qxc6 16. gxh5 Kh7 17. hxg6+ fxg6 18. h5 gxh5 19. Nd5 Qe8 20. Bg5 Rb8 21. Rdg1 Bd7 22. Nxf6+ exf6 23. Bf4 Rbc8 24. Bg8+ 1-0


[Site "https://www.chess.com"]

[Event "Titled Tuesday Blitz November 29 Early 2022"]
[White "Girel, Joseph"]
[Black "Sarana, Alexey"]
[WhiteFideId "36033561"]
[BlackFideId "24133795"]
[WhiteElo "2281"]
[BlackElo "2708"]
[Result "0-1"]
[Round "03"]
[TimeControl "180+1"]
[Date "2022.11.30"]
[WhiteClock "0:00:24"]
[BlackClock "0:00:39"]

1. d4 Nf6 2. c4 e6 3. Nf3 d5 4. Nc3 Nbd7 5. e3 Bb4 6. Bd2 O-O 7. Bd3 dxc4 8. Bxc4 c5 9. O-O cxd4 10. exd4 Nb6 11. Bb3 Bd7 12. Rc1 Bc6 13. Bg5 h6 14. Bh4 Bxf3 15. Qxf3 Qxd4 16. Bxf6 Qxf6 17. Qxb7 Rfb8 18. Qe4 a5 19. Rfd1 Rc8 20. Qe3 Bc5 21. Qe2 a4 22. Ne4 Qe5 23. Bc2 Nd5 24. Qf3 Bb6 25. b3 f5 26. Ng3 Rc3 27. Qe2 Qf6 28. bxa4 Rac8 29. Qd2 Kh8 30. Bb3 Ne3 31. Rxc3 Rxc3 32. Rc1 Rxc1+ 33. Qxc1 Ng4 34. Nh1 Qe5 35. g3 Qe2 36. Qc8+ Kh7 37. Qxe6 Bxf2+ 38. Kg2 Be3+ 39. Kh3 Qxh2# 0-1


[Site "https://www.chess.com"]

[Event "Titled Tuesday Blitz November 29 Early 2022"]
[White "Gjestemoen-VonHirsch, Andre"]
[Black "Rosen, Eric"]
[WhiteFideId "1539531"]
[BlackFideId "2032562"]
[WhiteElo "2198"]
[BlackElo "2362"]
[Result "0-1"]
[Round "03"]
[TimeControl "180+1"]
[Date "2022.11.30"]
[WhiteClock "0:00:02"]
[BlackClock "0:00:16"]

1. b3 d5 2. Bb2 Bg4 3. Nf3 Bxf3 4. exf3 e6 5. f4 Nf6 6. g3 h5 7. h4 Nbd7 8. d3 c6 9. Nd2 a5 10. Qe2 Be7 11. Bh3 a4 12. O-O g6 13. Rae1 O-O 14. Nf3 axb3 15. axb3 Ra2 16. Ba1 Re8 17. Ng5 Bf8 18. Qd1 Bg7 19. Re2 Qa5 20. Rfe1 Ra8 21. Bd4 c5 22. Bxf6 Nxf6 23. Nxf7 Kxf7 24. Bxe6+ Kf8 25. f5 Ra1 26. Qxa1 Qxa1 27. Rxa1 Rxa1+ 28. Kg2 gxf5 29. Bxf5 Ra6 30. f3 d4 31. g4 Nd5 32. Re4 Ne3+ 33. Kg3 Nxf5+ 34. gxf5 Kf7 35. Kf4 Bf6 36. Re2 Rd6 37. Ke4 Rd8 38. Rg2 Re8+ 0-1


[Site "https://www.chess.com"]

[Event "Titled Tuesday Blitz November 29 Early 2022"]
[White "Godzwon, Iwo"]
[Black "Troltenier, Dirk"]
[WhiteFideId "21802483"]
[BlackFideId "4606400"]
[WhiteElo "2284"]
[BlackElo "2332"]
[Result "1-0"]
[Round "03"]
[TimeControl "180+1"]
[Date "2022.11.30"]
[WhiteClock "0:01:14"]
[BlackClock "0:00:15"]

1. e4 e5 2. Nf3 d6 3. d4 exd4 4. Nxd4 Nf6 5. Nc3 Be7 6. Be2 O-O 7. O-O Re8 8. Bf4 Nbd7 9. Re1 Ne5 10. Bg3 c6 11. f4 Ng6 12. Kh1 Bf8 13. Bf3 Qc7 14. Qd2 Bg4 15. Rad1 Bxf3 16. gxf3 Rad8 17. Rg1 b5 18. f5 Ne5 19. Bh4 Ned7 20. Rg2 b4 21. Nce2 d5 22. exd5 cxd5 23. Rdg1 Kh8 24. Nf4 Rc8 25. Rg3 Qe5 26. Qg2 Qxf4 27. Rxg7 Bd6 28. Rxh7+ Kxh7 29. Qg7# 1-0


[Site "https://www.chess.com"]

[Event "Titled Tuesday Blitz November 29 Early 2022"]
[White "Gonzalez, Francisco Silva"]
[Black "Hristodoulou, Panagiotis"]
[WhiteFideId "1512285"]
[BlackFideId "4214340"]
[WhiteElo "2159"]
[BlackElo "2272"]
[Result "0-1"]
[Round "03"]
[TimeControl "180+1"]
[Date "2022.11.30"]
[WhiteClock "0:00:25"]
[BlackClock "0:00:14"]

1. d4 d5 2. c4 e6 3. Nc3 h6 4. cxd5 exd5 5. Nf3 c6 6. a3 Bf5 7. Bf4 Nf6 8. e3 Bd6 9. Bd3 Bxd3 10. Qxd3 O-O 11. O-O Re8 12. Rac1 Ne4 13. Bg3 Bxg3 14. fxg3 Nd7 15. Ne2 Qe7 16. Nf4 Nd6 17. Rce1 Qe4 18. Qc3 a5 19. Nd2 Qh7 20. a4 Nb6 21. Qc5 Nbc4 22. Nf3 Rac8 23. b3 b6 24. bxc4 bxc5 25. cxd5 cxd5 26. Nxd5 cxd4 27. Nxd4 Qe4 28. Nb6 Rc3 29. Rf4 Qc6 30. Nxc6 Rxc6 31. Nd7 Re7 32. Nf6+ gxf6 33. Rxf6 Kg7 34. Rf4 Ne4 35. g4 Rc4 36. Rd1 Rxa4 37. h4 Rb4 38. Rd8 a4 39. Ra8 Reb7 40. Kh2 Nc3 41. g3 Rb2+ 42. Kh3 Ne2 43. Rf1 Re7 44. Kg2 Rxe3 45. Kf2 Reb3 46. Rxa4 Nxg3+ 47. Kg1 Nxf1 48. Kxf1 Rh3 49. Kg1 Rxh4 50. Rf4 h5 51. Rf5 Rxg4+ 52. Kh1 Kg6 53. Re5 Rc4 54. Re1 h4 55. Rg1+ Kh5 56. Rf1 Rcc2 57. Rf6 Rc1+ 0-1


[Site "https://www.chess.com"]

[Event "Titled Tuesday Blitz November 29 Early 2022"]
[White "Grabinsky, Vladimir"]
[Black "Havas, Ladislav"]
[WhiteFideId "14107074"]
[BlackFideId "14501090"]
[WhiteElo "2198"]
[BlackElo "2199"]
[Result "0-1"]
[Round "03"]
[TimeControl "180+1"]
[Date "2022.11.30"]
[WhiteClock "0:00:03"]
[BlackClock "0:00:45"]

1. e4 Nf6 2. e5 Nd5 3. d4 d6 4. Nf3 Bg4 5. Be2 c6 6. O-O Bxf3 7. Bxf3 dxe5 8. dxe5 e6 9. c4 Ne7 10. Qxd8+ Kxd8 11. Rd1+ Nd7 12. Nc3 Ng6 13. Bh5 Nxe5 14. Bf4 Ng6 15. Bd6 Bxd6 16. Rxd6 Ke7 17. Rad1 Rhd8 18. Bxg6 hxg6 19. Ne4 Nf6 20. Nxf6 gxf6 21. c5 Rxd6 22. cxd6+ Kd7 23. h4 Rh8 24. g3 Rh5 25. Rd3 Rd5 26. Rb3 b6 27. Ra3 a5 28. b4 Kxd6 29. bxa5 Rxa5 30. Rd3+ Ke7 31. Rc3 c5 32. Rb3 b5 33. a3 c4 34. Rb4 Kf8 35. Kg2 Rxa3 36. Rxb5 c3 37. Rc5 f5 38. Rc7 Kg7 39. Rc5 Kf6 40. Rc7 Rb3 41. Rc6 Kg7 42. Rc7 Kg8 43. Rc8+ Kh7 44. Rc7 Kg7 45. Rc8 Ra3 46. Rc7 Kf8 47. Kg1 Ke8 48. Kg2 f6 49. Rc6 Kd7 50. Rc4 Kd6 51. Rc8 Kd5 52. Rg8 c2 53. Rc8 Ra2 54. Kh3 Ke4 55. Rc3 Kd4 56. Rc8 e5 57. f3 Ke3 58. Rc3+ Kd2 59. Rc6 c1=Q 0-1


[Site "https://www.chess.com"]

[Event "Titled Tuesday Blitz November 29 Early 2022"]
[White "Grapsa, Georgia"]
[Black "Tokhirjonova, Gulrukhbegim"]
[WhiteFideId "4206436"]
[BlackFideId "14203626"]
[WhiteElo "1877"]
[BlackElo "2236"]
[Result "0-1"]
[Round "03"]
[TimeControl "180+1"]
[Date "2022.11.30"]
[WhiteClock "0:00:02"]
[BlackClock "0:01:21"]

1. e4 e5 2. Nf3 Nc6 3. Bb5 a6 4. Ba4 Nf6 5. Bxc6 dxc6 6. d3 Bd6 7. Nbd2 c5 8. Nc4 Nd7 9. Bd2 O-O 10. h4 b5 11. Ne3 Nf6 12. Qe2 a5 13. Nh2 c4 14. g4 cxd3 15. cxd3 b4 16. g5 Nd7 17. Nhg4 Nc5 18. O-O-O b3 19. a3 Be7 20. Bc3 Ra6 21. Nxe5 Rd6 22. f3 Ba6 23. N5c4 Rxd3 24. Rxd3 Nxd3+ 25. Kb1 Nf4 26. Qd2 Bc5 27. Bxa5 Qc8 28. Bb4 Rd8 29. Qc3 Rd3 30. Qe1 Bd4 31. Rh2 Qe6 32. Rd2 Bxc4 33. Nxc4 Qxc4 34. Rxd3 Qc2+ 35. Ka1 Qxb2# 0-1


[Site "https://www.chess.com"]

[Event "Titled Tuesday Blitz November 29 Early 2022"]
[White "Grave, Jacob Templen"]
[Black "Fernandez Hernandez, Gerardo"]
[WhiteFideId "1542656"]
[BlackFideId "2207400"]
[WhiteElo "2126"]
[BlackElo "2216"]
[Result "0-1"]
[Round "03"]
[TimeControl "180+1"]
[Date "2022.11.30"]
[WhiteClock "0:00:01"]
[BlackClock "0:00:12"]

1. e4 e6 2. d3 d5 3. Nd2 Nf6 4. Ngf3 Nc6 5. g3 dxe4 6. dxe4 Bc5 7. Bg2 e5 8. O-O O-O 9. Qe2 Bg4 10. c3 a5 11. a4 h6 12. Qb5 Qe7 13. Re1 Rad8 14. Qxb7 Bd7 15. Qb5 Nb4 16. Qxa5 Nc2 17. b4 Bb6 18. Qxe5 Qxe5 19. Nxe5 Nxe1 20. a5 Ba7 21. Bf1 Rfe8 22. Nef3 Nxf3+ 23. Nxf3 Nxe4 24. c4 Bxf2+ 25. Kg2 Ba7 26. c5 Bc6 27. b5 Bd5 28. b6 cxb6 29. axb6 Bb8 30. Kg1 Nxc5 31. Ba3 Bxf3 0-1


[Site "https://www.chess.com"]

[Event "Titled Tuesday Blitz November 29 Early 2022"]
[White "Gurevich, Dmitry"]
[Black "Sellitti, Federico"]
[WhiteFideId "2000407"]
[BlackFideId "821829"]
[WhiteElo "2506"]
[BlackElo "2605"]
[Result "1-0"]
[Round "03"]
[TimeControl "180+1"]
[Date "2022.11.30"]
[WhiteClock "0:00:17"]
[BlackClock "0:00:15"]

1. d4 d5 2. c4 Nc6 3. Nc3 e5 4. cxd5 Nxd4 5. e3 Nf5 6. Nf3 Bd6 7. Bd3 Nf6 8. Qc2 Ne7 9. e4 Ng6 10. h4 Bg4 11. Ng1 h5 12. g3 a6 13. f3 Bd7 14. Be3 Rc8 15. Qb3 O-O 16. Nh3 Bxh3 17. Rxh3 Qd7 18. Rh2 c6 19. Bg5 Nh7 20. Rd1 Nxg5 21. hxg5 h4 22. gxh4 Nf4 23. Ne2 c5 24. Nxf4 exf4 25. a4 Be5 26. a5 Bd4 27. Ke2 Rfe8 28. h5 Rcd8 29. g6 Qxd5 30. Qxd5 Rxd5 31. gxf7+ 1-0


[Site "https://www.chess.com"]

[Event "Titled Tuesday Blitz November 29 Early 2022"]
[White "Guzman, Christopher"]
[Black "Petrovic, Aleksa"]
[WhiteFideId "6405096"]
[BlackFideId "967629"]
[WhiteElo "2272"]
[BlackElo "2224"]
[Result "1-0"]
[Round "03"]
[TimeControl "180+1"]
[Date "2022.11.30"]
[WhiteClock "0:01:13"]
[BlackClock "0:00:02"]

1. e4 e6 2. Qe2 c5 3. g3 Nc6 4. Bg2 g6 5. Nc3 Bg7 6. Nf3 Nge7 7. O-O O-O 8. Rd1 e5 9. d3 d6 10. h3 h6 11. a3 Nd4 12. Nxd4 cxd4 13. Nb1 Be6 14. c4 Qd7 15. Kh2 a5 16. Nd2 Nc6 17. Rb1 a4 18. b4 axb3 19. Rxb3 Nb8 20. f4 Qc7 21. Nf3 Na6 22. f5 Bd7 23. Rb1 Nc5 24. Nh4 g5 25. Nf3 f6 26. Qb2 Ba4 27. Rd2 Nb3 28. Rf2 Rfc8 29. Nd2 Nxc1 30. Qxc1 b5 31. Qb2 Rab8 32. Qa2 Qf7 33. Bf3 Bf8 34. Rff1 Be7 35. Rfc1 Bd8 36. Bd1 Ba5 37. Bxa4 bxa4 38. Qc2 Qd7 39. Nf3 Kg7 40. Kg2 d5 41. Rxb8 Rxb8 42. cxd5 Bc3 43. Rb1 Rb5 44. Rxb5 Qxb5 45. Nd2 Kf7 46. Nc4 Qb3 47. Qe2 Ke7 48. Kf3 Kd7 49. Kg4 Qb8 50. Qc2 Qb3 51. Qe2 Qb8 52. Kf3 h5 53. Kg2 g4 54. hxg4 hxg4 55. Qxg4 Qb3 56. Qg7+ Kc8 57. Qf8+ Kb7 58. Qe7+ Ka6 59. Qd6+ Ka7 60. Qe7+ Ka6 61. Qxf6+ Ka7 62. Qxe5 Qc2+ 63. Kh3 Qxd3 64. Qc7+ Ka8 65. Nb6# 1-0


[Site "https://www.chess.com"]

[Event "Titled Tuesday Blitz November 29 Early 2022"]
[White "Hakobyan, Aram"]
[Black "Skliarov, Viktor"]
[WhiteFideId "13306677"]
[BlackFideId "14106736"]
[WhiteElo "2563"]
[BlackElo "2284"]
[Result "1-0"]
[Round "03"]
[TimeControl "180+1"]
[Date "2022.11.30"]
[WhiteClock "0:02:22"]
[BlackClock "0:00:28"]

1. Nf3 g6 2. d4 Bg7 3. e4 d6 4. Be3 Nf6 5. Nc3 O-O 6. Qd2 a6 7. Bh6 b5 8. Bd3 Bb7 9. e5 Nd5 10. h4 Nxc3 11. bxc3 dxe5 12. h5 Bxf3 13. hxg6 e4 14. gxh7+ Kh8 15. Bxg7+ Kxg7 16. h8=Q+ 1-0


[Site "https://www.chess.com"]